 Dungeon Crawl Stone Soup version 0.29.1-2-gbd0b4ee654 (webtiles) character file.

Game seed: 2209732636753954095

111 GorkyZ the Covered (level 4, -2/29 HPs)
             Began as a Gargoyle Fighter on Nov 27, 2022.
             Slain by an orc priest
             ... wielding a +0 short sword
              (3 damage)
             ... on level 4 of the Dungeon.
             The game lasted 00:03:47 (2365 turns).

GorkyZ the Covered (Gargoyle Fighter)               Turns: 2365, Time: 00:03:48

Health: -2/29      AC: 10    Str: 21    XL:     4   Next: 92%
Magic:  4/4        EV:  9    Int:  9    God:
Gold:   114        SH:  4    Dex:  9    Spells: 3/3 levels left

rFire   . . .      SeeInvis .   a - +0 war axe
rCold   . . .      Faith    .   c - +0 buckler
rNeg    + . .      Spirit   .   b - +0 scale mail
rPois   ∞          Reflect  .   (no helmet)
rElec   +          Harm     .   (no cloak)
rCorr   .          Rampage  .   (no gloves)
Will    .....                   (no boots)
Stlth   ..........              (no amulet)
HPRegen 0.09/turn               (no ring)
MPRegen 0.09/turn               (no ring)

@: no status effects
A: sickness immunity, AC +3, negative energy resistance 1, electricity
resistance, torment resistance 1, petrification resistance
a: no special abilities


You were on level 4 of the Dungeon.
You visited 1 branch of the dungeon, and saw 4 of its levels.

You collected 114 gold pieces.

Inventory:

Hand Weapons
 a - a +0 war axe (weapon)
Missiles
 l - 2 throwing nets (quivered)
Armour
 b - a +0 scale mail (worn)
 c - a +0 buckler (worn)
Scrolls
 f - 2 scrolls of enchant armour {unknown}
 g - 2 scrolls of identify {unknown}
 j - a scroll of fear {unknown}
 n - a scroll of poison {unknown}
 p - a scroll of summoning {unknown}
Potions
 d - 2 potions of might
 e - 2 potions of degeneration {unknown}
 h - a potion of haste {unknown}
 i - 3 potions of heal wounds {unknown}
 k - a potion of curing {unknown}
 m - a potion of lignification {unknown}
 o - 2 potions of mutation {unknown}


   Skills:
 + Level 3.7 Fighting
 + Level 2.4 Axes
 + Level 1.2 Throwing
 + Level 3.8 Armour
 + Level 1.0 Dodging
 + Level 3.7 Shields
 + Level 1.1 Evocations


You had 3 spell levels left.
You didn't know any spells.
Your spell library contained the following spells:

 Spells                   Type           Power      Damage    Failure   Level
 Ensorcelled Hibernation  Hex/Ice        0%         N/A       91%         2
 Inner Flame              Hex/Fire       0%         N/A       99%         3
 Spider Form              Tmut/Pois      0%         N/A       99%         3
 Anguish                  Hex/Necr       0%         N/A       100%        4
 Cause Fear               Hex            0%         N/A       100%        4
 Summon Lightning Spire   Summ/Air       0%         N/A       100%        4
 Storm Form               Tmut/Air       0%         N/A       100%        7
 Discord                  Hex            0%         N/A       100%        8
 Maxwell's Capacitive Co  Air            0%         ∞         100%        8


Dungeon Overview and Level Annotations

Branches:
Dungeon (4/15)
 Temple: D:4-7

Altars:

Annotations:
D:3 1 runed translucent door, Crazy Yiuf


Innate Abilities, Weirdness & Mutations

You are immune to sickness and miasma.
Your stone body is resilient. (AC +3)
You are immune to poison.
You resist negative energy. (rN+)
You are resistant to electric shocks. (rElec)
You are resistant to unholy torment.
You are immune to petrification.


Message History

The orc attacks as you move away! The orc barely misses you.
Found a scroll labelled CEPUNIHORA.
Something hits you but does no damage. The orc attacks as you move away!
The orc hits you but does no damage.
You hear some strange, mumbled words.
Something tries to affect you, but you resist.
The orc priest looks encouraged for a moment.
You feel less confused. The orc closely misses you.
You hit the orc priest but do no damage.
You completely miss something. You barely miss the orc.
Something hits you but does no damage.
The orc priest hits you with a +0 short sword.
The orc hits you but does no damage.
You hit the orc priest.
The orc priest is lightly wounded.
You barely miss the orc. You barely miss something. You miss something.
Something hits you. x2; The orc priest barely misses you.
You block the orc's attack. Something hits you but does no damage.
The orc priest hits you but does no damage.
Something hits you.
* * * LOW HITPOINT WARNING * * *
The orc hits you but does no damage.
You slash the orc priest!
The orc priest is severely wounded.
You miss something. You hit the orc.
You kill the orc!
You slash something!
Something hits you but does no damage. x2
You block the orc priest's attack.
You barely miss the orc priest.
The orc priest is severely wounded.
You miss something. x2; Something hits you.
* * * LOW HITPOINT WARNING * * *
Something hits you but does no damage.
The orc priest hits you with a +0 short sword.
* * * LOW HITPOINT WARNING * * *
Something hits you.
* * * LOW HITPOINT WARNING * * *
Something hits you but does no damage.
The orc priest hits you with a +0 short sword.
You die...

#........
#?........
#.........
#.......<.
#.........
####.........
#............
#<........>#
#...)@.....#
#...o{.....#
##)........#
#''..|......#
#.............#
...............#
##.............#
.......>.......#
...###......#..#


You could see an orc priest.

Vanquished Creatures
  An orc wizard (D:3)
  3 adders (D:2)
  A worm (D:3)
  2 dart slugs
  6 orcs
  2 bats
  An endoplasm (D:2)
  7 goblins
  8 hobgoblins
  A quokka (D:2)
  6 ball pythons
  2 frilled lizards (D:1)
  3 kobolds
  A rat (D:1)
44 creatures vanquished.

Notes
Turn   | Place    | Note
-------+----------+-------------------------------------------
     0 | D:1      | GorkyZ the Gargoyle Fighter began the quest for the Orb.
     0 | D:1      | Reached XP level 1. HP: 14/14 MP: 1/1
   345 | D:1      | Reached XP level 2. HP: 17/19 MP: 2/2
   526 | D:1      | Found a faded altar of an unknown god.
   851 | D:2      | Reached XP level 3. HP: 13/23 MP: 3/3
  1338 | D:2      | Reached skill level 1 in Throwing
  1338 | D:2      | Reached XP level 4. HP: 28/28 MP: 4/4
  1390 | D:2      | Reached skill level 1 in Evocations
  1998 | D:3      | Reached skill level 1 in Dodging
  2298 | D:3      | Found a runed translucent door.
  2313 | D:3      | Noticed Crazy Yiuf
  2365 | D:4      | HP: 1/29 [something (2)]
  2365 | D:4      | Slain by an orc priest

Illustrated notes

Levels and vault maps discovered:
D:1:      minmay_arrival_semitransparent, layout_loops_ring,
          ebering_ecumenical_altar_petrified
D:2:      layout_rooms, minmay_goblin_kobold_house
D:3:      layout_loops_cross, nicolae_elevator_lobby_asterisk,
          uniq_crazy_yiuf_cottage
D:4:      layout_basic, dreamdust_divine_triumvirate, amcnicky_altar_gilded,
          minmay_temple_entry_mist, portal_sewer_entry_d

Skill      XL: |  1  2  3  4 |
---------------+-------------+-----
Axes           | 2 |  2.4
Throwing       | 1 |  1.2
Evocations     | 1 |  1.1
Dodging        | 1 |  1.0
Fighting       | |  3.7
Armour         | |  3.8
Shields        | |  3.7

Action                   |  1- 3 |  4- 6 || total
-------------------------+-------+-------++-------
Melee: War axe           |    91 |    49 ||   140
Armor: Scale mail        |    60 |    40 ||   100
Dodge: Dodged            |    40 |    25 ||    65
Block: Buckler           |    19 |     6 ||    25
